 Dungeon Crawl Stone Soup version 0.31-a0-202-g547052bce9 (webtiles) character file.

Game seed: 13989685461877826037

242 qw the Skirmisher (level 5, -1/30 HPs)
             Began as a Deep Elf Hunter on June 26, 2023.
             Succumbed to Sigmund's poison
             ... on level 4 of the Dungeon.
             The game lasted 00:00:58 (2409 turns).

qw the Skirmisher (Deep Elf Hunter)                 Turns: 2409, Time: 00:00:58

Health: -1/30      AC:  4    Str: 10    XL:     5   Next: 82%
Magic:  7/7        EV: 13    Int: 14    God:
Gold:   252        SH:  0    Dex: 18    Spells: 4/4 levels left

rFire   . . .        Y - +1 shortbow
rCold   . . .        (shield currently unavailable)
rNeg    . . .        c - +0 leather armour
rPois   .            (no helmet)
rElec   .            (no cloak)
rCorr   .            (no gloves)
SInv    .            a - +0 pair of boots
Will    .....        (no amulet)
Stlth   ++           (no ring)
HPRegen 0.25/turn    (no ring)
MPRegen 0.10/turn

%: no passive effects
@: lethally poisoned (-1 -> -15)
A: no striking features
a: no special abilities


You were on level 4 of the Dungeon.
You visited 1 branch of the dungeon, and saw 4 of its levels.

You collected 252 gold pieces.


   Skills:
 + Level 1.6 Fighting
 - Level 9.1 Ranged Weapons
 - Level 3.1 Dodging
 - Level 1.2 Stealth


You had 4 spell levels left.
You didn't know any spells.
Your spell library was empty.

Inventory:

Hand Weapons
 Y - a +1 shortbow (weapon)
Armour
 a - a +0 pair of boots (worn)
 c - a +0 leather armour (worn)
Jewellery
 e - a ring of fire
Potions
 d - a potion of attraction {unknown}
 f - a potion of ambrosia {unknown}
 g - a potion of enlightenment {unknown}
 h - a potion of resistance
 j - a potion of brilliance {unknown}
 k - a potion of mutation {unknown}

Dungeon Overview and Level Annotations

Branches:
Dungeon (4/15)
 Temple: D:4-7

Altars:
Dithmenos
Gozag
Yredelemnul

Annotations:
D:4 2 transporters, Sigmund; qw's ghost, amateur DEHu


Message History

Found a stone staircase leading down.
b - a +2 sling of flaming
2375 ||| DROPPING +2 sling of flaming.
You drop a +2 sling of flaming.
Found a shadowy altar of Dithmenos.
An endoplasm comes into view.
Enter note: You shoot an arrow.
The arrow hits the endoplasm but does no damage.
The endoplasm quivers.
You hear a shout!
You shoot an arrow. The arrow hits the endoplasm.
You kill the endoplasm!
Sigmund the Dreaded comes into view.
He is wielding a +4 scythe of venom.
You shoot an arrow. The arrow completely misses Sigmund.
You shoot an arrow. The arrow closely misses Sigmund.
Sigmund barely misses you.
You shoot an arrow. The arrow hits Sigmund.
Sigmund is lightly wounded.
Sigmund casts a spell.
Sigmund flickers and vanishes!
Deactivating autopickup; reactivate with Ctrl-A.
You shoot an arrow. Something hits you!
You are poisoned.
A quokka comes into view.
You shoot an arrow. The arrow barely misses the quokka.
You feel very sick.
You shoot an arrow. The arrow hits the quokka!
You kill the quokka!
You feel sick. Something hits you.
You shoot an arrow.
You feel sick. Something hits you.
You are lethally poisoned!
You shoot an arrow.
You feel very sick.
You shoot an arrow.
You feel sick. Something hits you.
You are more poisoned.
You shoot an arrow.
You die...

## .# .. .# #.. .# ...
.## #####.# ..##
###..... ..)##
###....{# ## ....#
#......# ...
##..########..##@.##
..#
##...........###..#..#
#..>.######..##.....##.
###### #..............
#..##.........# #.#
##..._...## #.
.........# #.
........... #
..##.....##.


There were no monsters in sight!

Vanquished Creatures
  A kobold brigand (D:3)
  Jessica (D:3)
  7 adders
  2 worms (D:2)
  3 dart slugs
  3 orcs (D:3)
  6 endoplasms
  3 giant cockroaches
  6 goblins
  5 hobgoblins
  2 jackals (D:2)
  2 quokkas
  7 ball pythons
  6 bats
  5 frilled lizards
  9 kobolds
  6 rats
74 creatures vanquished.

Notes
Turn   | Place    | Note
-------+----------+-------------------------------------------
     0 | D:1      | qw the Deep Elf Hunter began the quest for the Orb.
     0 | D:1      | Reached XP level 1. HP: 12/12 MP: 3/3
     0 | D:1      | 0 ||| qw: Version: 0.3-a-22-g0ed2b0b
     0 | D:1      | 0 ||| qw: Game counter: 5807
     0 | D:1      | 0 ||| qw: Melee chars always use a shield: true
     0 | D:1      | 0 ||| qw: God list: Okawaru
     0 | D:1      | 0 ||| qw: Allow faded altars: false
     0 | D:1      | 0 ||| qw: Do Orc after clearing Dungeon:15 true
     0 | D:1      | 0 ||| qw: Do second Lair branch before Depths: true
     0 | D:1      | 0 ||| qw: Lair rune preference: random
     0 | D:1      | 0 ||| qw: Goals: Normal
     0 | D:1      | 0 ||| PLANNING D:1-11
   238 | D:1      | Reached skill level 6 in Ranged Weapons
   238 | D:1      | Reached XP level 2. HP: 16/16 MP: 4/4
   670 | D:1      | Reached XP level 3. HP: 20/20 MP: 5/5
   715 | D:1      | 715 ||| READING scroll labelled SULEAC LOIJUG.
   720 | D:1      | 720 ||| READING scroll labelled VIORUZ MUMICVAUBU.
   721 | D:1      | 721 ||| READING scroll labelled SIVVEI VAR FUT.
   722 | D:1      | 722 ||| DROPPING scroll of butterflies.
   783 | D:2      | Identified the +0 robe "Giskehei" {Rampage rF- rN+ rCorr}
   800 | D:2      | Reached skill level 7 in Ranged Weapons
   997 | D:2      | Reached XP level 4. HP: 25/25 MP: 6/6
  1168 | D:2      | Identified the +3 whip of Autumn {vamp, rF+}
  1478 | D:2      | Reached skill level 8 in Ranged Weapons
  1574 | D:2      | 1574 ||| UPGRADING to +0 pair of boots.
  1579 | D:2      | 1579 ||| DROPPING +0 robe "Giskehei" {Rampage rF- rN+
                  | rCorr}.
  1580 | D:2      | 1580 ||| READING scroll labelled UDOCHAG MAWENK.
  1581 | D:2      | 1581 ||| READING scroll labelled RIDESUPLEFEU.
  1582 | D:2      | 1582 ||| DRINKING 2 puce potions.
  1850 | D:3      | Found an opulent altar of Gozag.
  2002 | D:3      | Reached XP level 5. HP: 29/29 MP: 7/7
  2026 | D:3      | Reached skill level 9 in Ranged Weapons
  2039 | D:3      | Found a basalt altar of Yredelemnul.
  2245 | D:3      | Noticed Jessica
  2254 | D:3      | Killed Jessica
  2255 | D:3      | Reached skill level 3 in Dodging
  2266 | D:3      | Identified the +10 scimitar of Disharmony {flame, rCorr
                  | Int+4}
  2287 | D:3      | 2287 ||| READING scroll labelled ZOONTA KOBOFA.
  2288 | D:3      | 2288 ||| READING scroll labelled VUENEUR ZECUALL.
  2360 | D:4      | Found a transporter.
  2361 | D:4      | Found a transporter.
  2362 | D:4      | Noticed qw's ghost (amateur DEHu)
  2363 | D:4      | Identified the +6 great mace "Peapp" {freeze, rElec rN+
                  | Int+3 SInv}
  2363 | D:4      | Noticed an ogre
  2375 | D:4      | 2375 ||| DROPPING +2 sling of flaming.
  2388 | D:4      | Found a shadowy altar of Dithmenos.
  2399 | D:4      | Noticed Sigmund
  2407 | D:4      | HP: 6/30 [poisoned by Sigmund]
  2408 | D:4      | HP: 2/30 [something (2)]
  2409 | D:4      | Succumbed to Sigmund's poison

Levels and vault maps discovered:
D:1:      minmay_arrival_pointy, layout_basic,
          wander_ebering_terrifying_dragon_lair
D:2:      layout_basic, grunt_decor_arrowhead, serial_bayou_pond_c,
          minmay_misc_feat_pillars, roderic_roman_lattice
D:3:      layout_basic, amcnicky_altar_gilded, lemuel_round_altar,
          nrook_mini_backslash, uniq_jessica
D:4:      layout_basic, nicolae_dithmenos_shadow_blocks,
          mainiacjoe_overflow_catwalk, amethyst_overflow_temple_binary,
          gammafunk_ghost_smash, uniq_sigmund

Skill      XL: |  1  2  3  4  5 |
---------------+----------------+-----
Ranged Weapons | 6 7 8 9 |  9.1
Dodging        | 3 |  3.1
Fighting       | |  1.6
Stealth        | |  1.2

Action                     |  1- 3 |  4- 6 || total
---------------------------+-------+-------++-------
   Fire: Shortbow          |    95 |   107 ||   202
    Use: Scroll            |     3 |     4 ||     7
         Potion            |       |     1 ||     1
 Armour: Leather armour    |     3 |     4 ||     7
  Dodge: Dodged            |     5 |    28 ||    33

Table legend:
 A = Non-vault XP
 B = Vault XP
 C = Vault XP percentage of total XP
 D = Non-vault monster count
 E = Vault monster count
 F = Vault count percentage of total count
                 A         B        C        D         E       F
            +---------+---------+-------+---------+---------+-------
      Total |     309 |      38 |  11.0 |      72 |       2 |   2.7
            +---------+---------+-------+---------+---------+-------
        D:1 |      40 |       1 |   2.4 |      23 |       1 |   4.2
        D:2 |     109 |       0 |   0.0 |      27 |       0 |   0.0
        D:3 |     151 |      37 |  19.7 |      17 |       1 |   5.6
        D:4 |       9 |       0 |   0.0 |       5 |       0 |   0.0
            +---------+---------+-------+---------+---------+-------
